Map: Site Delta LE

Players

CokeZero

  • Race: Zerg Zerg
  • League: Platinum
  • Spawn Location: 11:00

Caballarii - Winner!

  • Race: Protoss Protoss
  • League: Diamond
  • Spawn Location: 5:00

VOD

Have the link to the VOD?

Description

Time

  • Played on: April 24, 2024, 11:09 p.m.
  • Length: 8:34
Show
View Real Time Build Order
Export as new Build Order

CokeZero Zerg 

Build Orders: Hatch First 

Get SALT Encoding   

  12  0:01  Drone  
  13  0:09  Drone  
  14  0:17  Extractor  
  14  0:18  Drone  
  15  0:39  Hatchery  
  14  0:48  Extractor  
  14  0:49  Drone  
  14  0:50  Extractor, Drone  
  15  1:08  Overlord  
  15  1:09  Overlord  
  15  1:32  Spawning Pool  
  14  1:46  Drone x3  
  17  1:58  Drone x2  
  19  2:44  Drone x3, Roach Warren  
  19  2:46  Queen x2  
  19  2:48  Metabolic Boost  
  24  3:01  Overlord  
  24  3:02  Overlord  
  24  3:24  Roach x4  
  24  3:25  Roach  
  34  3:42  Roach x3  
  40  4:00  Roach x5  
  52  4:03  Roach  
  52  4:19  Spine Crawler  
  52  4:21  Spine Crawler  
  50  4:28  Spore Crawler  
  49  4:34  Drone x2  
  49  4:35  Drone  
  52  4:42  Overlord  
  52  4:43  Spore Crawler  
  53  5:07  Roach x4  
  45  5:38  Roach  
  45  5:39  Roach x5  
  53  5:56  Spine Crawler  
  44  5:57  Spine Crawler  
  43  6:10  Drone  
  43  6:11  Roach x4  
  42  6:29  Roach  
  32  6:35  Drone x2  
  22  7:10  Drone  
  17  7:43  Drone  
  13  8:01  Drone  
  13  8:20  Drone  
Show
View Real Time Build Order
Export as new Build Order

Caballarii Protoss - Winner!

Build Orders: 1 Gate Expand 

Get SALT Encoding   

  12  0:00  Probe  
  13  0:13  Probe  
  14  0:21  Pylon  
  14  0:25  Probe  
  15  0:39  Probe  
  15  0:42  Gateway  
  16  0:51  Probe  
  17  1:03  Probe  
  18  1:14  Nexus  
  18  1:20  Assimilator  
  18  1:23  Probe  
  19  1:30  Zealot  
  21  1:42  Cybernetics Core  
  21  1:46  Probe  
  22  1:52  Pylon  
  22  2:00  Forge  
  22  2:09  Probe  
  23  2:22  Assimilator  
  23  2:26  Twilight Council  
  23  2:27  Probe  
  24  2:33  Probe  
  25  2:39  Probe  
  25  2:40  Warp Gate (Chrono Boost)  
  26  2:48  Probe  
  27  2:51  Probe  
  28  3:00  Probe  
  28  3:03  Probe  
  28  3:04  Charge (Chrono Boost)  
  30  3:12  Gateway, Probe  
  30  3:14  Gateway  
  30  3:15  Probe  
  32  3:22  Gateway  
  32  3:27  Robotics Facility  
  32  3:29  Probe  
  32  3:31  Probe  
  34  3:47  Gateway  
  34  3:49  Gateway  
  34  3:51  Probe  
  34  3:53  Probe  
  36  4:07  Gateway  
  36  4:08  Pylon  
  36  4:11  Pylon  
  36  4:12  Pylon  
  36  4:14  Probe  
  37  4:20  Warp Prism (Chrono Boost)  
  39  4:26  Probe x2  
  39  4:29  Zealot  
  39  4:30  Zealot  
  45  4:35  Zealot  
  47  4:44  Zealot  
  47  4:45  Zealot x2  
  53  4:59  Pylon  
  45  5:02  Zealot x2  
  45  5:03  Zealot x2  
  47  5:13  Zealot x3  
  53  5:24  Zealot x3  
  53  5:25  Zealot  
  47  5:44  Zealot  
  47  5:45  Zealot x4  
  47  5:46  Zealot  
  47  5:47  Zealot  
  47  6:11  Zealot  
  47  6:12  Zealot x4  
  47  6:13  Zealot x2  
  53  6:32  Zealot x2  
  51  6:33  Zealot x4  
  51  6:34  Zealot  
  49  6:53  Zealot x2  
  49  6:54  Zealot x2  
  45  6:55  Zealot x2  
  45  6:58  Zealot  
  43  7:15  Zealot  
  43  7:16  Zealot x3  
  43  7:17  Zealot  
  43  7:18  Zealot  
  51  7:22  Zealot  
  53  7:46  Zealot  
  53  7:47  Zealot x5  
  53  7:48  Zealot  
  67  8:18  Zealot x2  
  67  8:19  Zealot  
  69  8:21  Zealot x2  
  69  8:23  Zealot  
Tags
 
Add a new tag
Caveats
  • Supply blocks, unpowered buildings, or Contaminate may cause inaccurate times.
  • Supply counts are checked every 10 seconds.